 Dungeon Sprint DCSS version 0.21.1-1-g345015fe64 (webtiles) character file.

265 Groucho the Covered (level 5, -8/55 HPs)
             Began as a Deep Dwarf Fighter on Apr 15, 2018.
             Was a Follower of Makhleb.
             Mangled by a gargoyle
             ... wielding a +0 mace
              (13 damage)
             ... in the Dungeon (Sprint IX: "|||||||||||||||||||||||||||||").
             The game lasted 00:00:57 (1086 turns).

Groucho the Covered (Deep Dwarf Fighter)            Turns: 1086, Time: 00:00:57

Health: -8/55      AC:  8    Str: 21    XL:     5   Next: 99%
Magic:  5/5        EV:  8    Int:  8    God:    Makhleb [*.....]
Gold:   0          SH: 11    Dex: 12    Spells: 4/4 levels left

rFire    . . .     SeeInvis .   a - +0 war axe
rCold    . . .     Gourm    .   c - +0 shield
rNeg     . . .     Faith    .   b - +0 scale mail
rPois    .         Spirit   .   (no helmet)
rElec    .         Reflect  .   (no cloak)
rCorr    .         Harm     .   (no gloves)
MR       .....     NoTele   +   (no boots)
Stlth    ..........             (no amulet)
HPRegen  0.00/turn              (no ring)
MPRegen  0.09/turn              (no ring)

@: non-regenerating
A: damage resistance, heal wounds, sense surroundings 1, no regeneration
a: Heal Wounds, Renounce Religion


You were in the Dungeon.
You worshipped Makhleb.
Makhleb was aware of your devotion.
You were hungry.

You visited 1 branch

Inventory:

Hand Weapons
 a - a +0 war axe (weapon)
Armour
 b - a +0 scale mail (worn)
 c - a +0 shield (worn)
Jewellery
 p - a +2 ring of evasion
 q - a +2 ring of evasion
Wands
 o - a wand of acid (10)
Scrolls
 k - 2 scrolls of blinking
 m - 3 scrolls of remove curse
 n - 2 scrolls of amnesia
Potions
 d - a potion of might
 e - a potion of invisibility
 h - a potion of haste
 i - 4 potions of magic
 j - a potion of berserk rage
 l - 4 potions of curing
Comestibles
 f - a ration


   Skills:
 + Level 6.2 Fighting
 + Level 7.1 Axes
 + Level 7.5 Armour
 + Level 7.5 Shields


You had 4 spell levels left.
You didn't know any spells.

Dungeon Overview and Level Annotations

Branches:
Dungeon (1/1)

Altars:
Cheibriados
Dithmenos
Elyvilon
Fedhas
Gozag
Hepliaklqana
Kikubaaqudgha
Makhleb
Nemelex Xobeh
Okawaru
Qazlal
Ru
Sif Muna
Trog
Uskayaw
Vehumet
Wu Jian
Xom
Yredelemnul
Zin
The Shining One
Beogh
Jiyva
Lugonu


Innate Abilities, Weirdness & Mutations

You are resistant to damage.
You can heal yourself by infusing magical energy.
You passively map a small area around you.
You do not regenerate.


Message History

You hit the gargoyle but do no damage. The gargoyle closely misses you.
You hit the gargoyle but do no damage. You block the gargoyle's attack.
You hit the gargoyle but do no damage.
The gargoyle hurls a stone arrow at you.
You block the stone arrow.
You barely miss the gargoyle. The gargoyle hits you with a mace!
* * * LOW HITPOINT WARNING * * *
You feel much better. You block the gargoyle's attack.
You barely miss the gargoyle. You block the gargoyle's attack.
You hit the gargoyle but do no damage. The gargoyle hits you with a mace!
You hit the gargoyle.
The gargoyle is lightly damaged.
The gargoyle hurls a stone arrow at you.
The stone arrow hits you!
* * * LOW HITPOINT WARNING * * *
Unknown command.
You slash the gargoyle!
The gargoyle is heavily damaged.
The gargoyle hits you with a mace!
You die...

,* *
▓.▓ ,
, ▓.▓
* ▓|▓
, *
▓)▓
▓[▓
,▓[▓
, ▓[▓
*,▓.▓
*,
▓@▓ *
▓9▓ *
* ▓h▓
, ,
▓Y▓ *
▓.▓ *
* ▓.▓
* *
▓.▓
,*
▓.▓ +
*


You could see a yak, a gargoyle and a hound.

Vanquished Creatures
  A sky beast (D)
  An ogre (D)
  A howler monkey (D)
  A hound (D)
  An adder zombie (D)
  A dart slug (D)
  A leopard gecko (D)
  A bat (D)
  2 hobgoblins (D)
  A jackal (D)
  A kobold (D)
  A leopard gecko skeleton (D)
13 creatures vanquished.

Notes
Turn   | Place    | Note
-------+----------+-------------------------------------------
     0 | D        | Groucho the Deep Dwarf Fighter began the quest for the Orb.
     0 | D        | Reached XP level 1. HP: 20/20 MP: 1/1
    45 | D        | Noticed a hound
    45 | D        | Noticed a sky beast
    49 | D        | Killed a hound
    49 | D        | Reached XP level 2. HP: 28/30 MP: 2/2
    49 | D        | Reached XP level 3. HP: 34/36 MP: 3/3
    92 | D        | Killed a sky beast
    92 | D        | Reached skill level 5 in Fighting
    92 | D        | Reached skill level 5 in Axes
    92 | D        | Reached XP level 4. HP: 11/46 MP: 4/4
  1018 | D        | Found a roughly hewn altar of Beogh.
  1018 | D        | Found a snail-covered altar of Cheibriados.
  1018 | D        | Found a shadowy altar of Dithmenos.
  1018 | D        | Found a white marble altar of Elyvilon.
  1018 | D        | Found a blossoming altar of Fedhas.
  1018 | D        | Found an opulent altar of Gozag.
  1019 | D        | Found a hazy altar of Hepliaklqana.
  1020 | D        | Found a viscous altar of Jiyva.
  1021 | D        | Found an ancient bone altar of Kikubaaqudgha.
  1022 | D        | Found a corrupted altar of Lugonu.
  1023 | D        | Found a burning altar of Makhleb.
  1024 | D        | Found a sparkling altar of Nemelex Xobeh.
  1025 | D        | Found an iron altar of Okawaru.
  1026 | D        | Found a stormy altar of Qazlal.
  1027 | D        | Found a sacrificial altar of Ru.
  1028 | D        | Found a deep blue altar of Sif Muna.
  1029 | D        | Found a bloodstained altar of Trog.
  1030 | D        | Found a hide-covered altar of Uskayaw.
  1031 | D        | Became a worshipper of Makhleb the Destroyer
  1032 | D        | Found a radiant altar of Vehumet.
  1033 | D        | Found an ornate altar of the Wu Jian Council.
  1034 | D        | Found a shimmering altar of Xom.
  1035 | D        | Found a basalt altar of Yredelemnul.
  1036 | D        | Found a glowing silver altar of Zin.
  1037 | D        | Found a glowing golden altar of the Shining One.
  1061 | D        | Noticed an ogre
  1061 | D        | Noticed a gargoyle
  1061 | D        | Noticed a yak
  1066 | D        | Reached XP level 5. HP: 35/52 MP: 5/5
  1077 | D        | Killed an ogre
  1077 | D        | Reached * piety under Makhleb
  1086 | D        | Mangled by a gargoyle

Skill      XL: |  1  2  3  4  5 |
---------------+----------------+-----
Fighting       | 3 5 6 |  6.2
Axes           | 4 5 7 |  7.1
Armour         | 4 6 7 |  7.5
Shields        | 4 6 7 |  7.5

Action                   |  1- 3 |  4- 6 || total
-------------------------+-------+-------++-------
Melee: War axe           |    80 |    28 ||   108
  Use: Potion            |     2 |     2 ||     4
Armor: Scale mail        |    37 |     2 ||    39
Dodge: Dodged            |    22 |     5 ||    27
Block: Shield            |    34 |    14 ||    48
